Map: Neon Violet Square LE

Players

Ronnie - Winner!

  • Race: Terran Terran
  • League: Silver
  • Spawn Location: 11:00

Infamous

  • Race: Zerg Zerg
  • League: Silver
  • Spawn Location: 5:00

VOD

Have the link to the VOD?

Description

Time

  • Played on: March 20, 2018, 9:34 a.m.
  • Length: 18:46
Show
View Real Time Build Order
Export as new Build Order

Ronnie Terran - Winner!

Build Orders:  

Get SALT Encoding   

  12  0:02  SCV  
  13  0:14  SCV  
  14  0:21  Supply Depot  
  14  0:26  SCV  
  15  0:43  SCV  
  15  0:49  Barracks  
  16  0:57  SCV  
  17  1:06  Refinery  
  17  1:10  SCV, Refinery  
  18  1:22  SCV  
  19  1:44  Command Center, Orbital Command  
  19  1:56  Barracks Reactor  
  19  2:00  Engineering Bay  
  19  2:12  Barracks, SCV  
  20  2:24  SCV  
  21  2:33  Marine  
  21  2:34  Missile Turret  
  21  2:36  SCV  
  23  2:55  SCV  
  24  2:58  Marine  
  24  3:00  Supply Depot  
  24  3:05  Marine  
  25  3:06  Barracks  
  25  3:07  Barracks Tech Lab, SCV  
  27  3:12  Planetary Fortress  
  27  3:19  SCV  
  28  3:32  SCV  
  29  3:35  Supply Depot  
  29  3:42  Building Armor  
  29  3:44  SCV  
  30  3:48  Combat Shields  
  30  3:56  SCV  
  30  3:57  Marine x2  
  30  3:58  Marine  
  33  4:08  SCV  
  30  4:10  Marine  
  29  4:20  SCV  
  30  4:30  Barracks Reactor  
  30  4:34  SCV  
  31  4:42  SCV  
  32  4:46  SCV  
  32  4:49  Command Center  
  32  4:51  Marine  
  34  4:54  SCV  
  34  4:58  SCV  
  36  5:04  Supply Depot  
  36  5:05  Bunker  
  36  5:06  SCV  
  37  5:10  SCV, Refinery  
  38  5:14  Concussive Shells  
  38  5:18  SCV  
  39  5:21  Marine  
  39  5:22  SCV, Terran Infantry Weapons Level 1  
  41  5:28  Missile Turret  
  41  5:30  SCV  
  41  5:34  SCV  
  43  5:38  Factory  
  43  5:42  Refinery  
  43  5:43  SCV  
  43  5:46  SCV  
  43  5:47  Missile Turret  
  45  5:55  SCV  
  46  5:58  Missile Turret, SCV  
  46  6:02  Orbital Command  
  47  6:07  SCV  
  48  6:11  Refinery  
  48  6:13  Marine x2, Refinery  
  48  6:14  Marine  
  51  6:19  SCV  
  51  6:21  Missile Turret  
  51  6:22  Marine  
  53  6:25  Missile Turret  
  53  6:29  Factory  
  53  6:31  SCV  
  53  6:32  Factory Tech Lab  
  54  6:38  Armory  
  54  6:40  SCV  
  54  6:43  SCV  
  56  6:53  SCV  
  57  6:55  SCV x2  
  59  7:07  SCV  
  61  7:08  SCV  
  61  7:09  Command Center  
  61  7:17  Factory Tech Lab  
  61  7:19  SCV  
  62  7:25  Starport  
  62  7:33  Refinery  
  62  7:35  Starport, Terran Vehicle Weapons Level 1  
  62  7:37  Terran Infantry Armor Level 1  
  62  7:39  Marine x2  
  62  7:40  Sensor Tower  
  64  7:46  Barracks  
  64  7:53  SCV  
  65  8:07  Marine x2  
  65  8:08  Marine  
  68  8:14  Starport Tech Lab  
  68  8:15  Starport Tech Lab  
  68  8:28  Command Center  
  68  8:30  Planetary Fortress  
  68  8:43  Command Center  
  68  8:45  Barracks Reactor  
  68  8:46  Marine x5  
  68  8:48  Thor  
  78  9:03  Marine  
  78  9:04  Marine x2  
  78  9:05  Starport  
  78  9:06  Cloaking Field  
  81  9:16  Fusion Core  
  81  9:17  Supply Depot  
  81  9:18  SCV  
  81  9:20  SCV  
  83  9:30  SCV  
  84  9:33  SCV  
  85  9:42  SCV  
  85  9:43  Planetary Fortress  
  85  9:45  Command Center, SCV  
  87  9:51  SCV  
  88  9:55  SCV  
  88  9:56  SCV  
  88  9:57  SCV  
  91  10:03  SCV  
  93  10:07  SCV  
  93  10:08  SCV, Starport Tech Lab  
  93  10:09  Viking  
  96  10:15  SCV  
  96  10:16  Supply Depot  
  96  10:19  SCV  
  96  10:20  SCV, Weapon Refit  
  99  10:24  Terran Infantry Armor Level 2, Terran Vehicle And Ship Armor Level 1  
  99  10:25  Missile Turret  
  99  10:27  SCV  
  100  10:32  SCV  
  100  10:35  SCV  
  102  10:36  Refinery  
  102  10:39  SCV  
  102  10:44  SCV  
  102  10:47  SCV  
  96  10:54  Thor x2  
  108  10:59  Marine x6, SCV  
  108  11:00  Marine  
  108  11:03  Supply Depot  
  116  11:05  Planetary Fortress  
  116  11:08  SCV  
  117  11:11  SCV  
  117  11:12  SCV  
  119  11:18  Supply Depot  
  119  11:20  SCV  
  119  11:23  SCV  
  119  11:24  SCV, Planetary Fortress  
  122  11:32  SCV  
  123  11:36  SCV x2  
  123  11:37  Thor  
  131  11:44  SCV  
  132  11:48  SCV x2  
  134  11:56  SCV  
  134  12:00  SCV x2  
  137  12:05  Thor  
  137  12:08  Battlecruiser x3, SCV  
  161  12:12  High Capacity Fuel Tanks, Advanced Ballistics, SCV  
  161  12:14  Bunker  
  163  12:16  Hyperflight Rotors  
  163  12:18  Terran Ship Weapons Level 1  
  163  12:19  Thor  
  163  12:20  SCV  
  170  12:25  SCV  
  171  12:33  SCV  
  172  12:40  Terran Infantry Weapons Level 2  
  172  12:45  Refinery  
  172  12:46  Sensor Tower  
  172  12:49  Refinery  
  145  13:05  Marine x6  
  136  13:06  Marine  
  136  13:11  Thor x2  
  136  13:12  Battlecruiser x3  
  158  13:16  SCV  
  159  13:22  Marine  
  159  13:23  Marine x6  
  166  13:28  SCV  
  166  13:38  SCV, Sensor Tower  
  166  13:40  Marine x2  
  166  13:41  Marine x5, SCV  
  175  13:50  SCV  
  175  13:53  SCV, Thor  
  183  13:58  Marine x3  
  183  13:59  Marine x3  
  183  14:02  SCV  
  190  14:05  SCV  
  190  14:06  Missile Turret  
  190  14:07  Sensor Tower  
  191  14:13  Refinery  
  191  14:14  SCV  
  191  14:16  Battlecruiser  
  198  14:18  Refinery  
  198  14:21  Marine  
  198  14:22  Marine  
  200  14:29  Command Center  
  200  14:54  Missile Turret  
  180  15:14  Battlecruiser x2  
  180  15:20  Battlecruiser  
  194  15:34  Marine x4  
  194  15:35  Marine x3  
  197  15:42  Missile Turret  
  197  15:43  Missile Turret  
  197  15:52  Marine x3  
  200  15:57  Missile Turret, Planetary Fortress  
  200  16:01  Missile Turret  
  200  16:07  Missile Turret  
  200  16:11  Missile Turret  
  200  16:18  Refinery  
  200  16:21  Refinery  
  200  16:29  Terran Vehicle Weapons Level 2  
  200  16:34  Stimpack  
  200  16:36  Corvid Reactor, Sensor Tower  
  200  16:39  Infernal Pre-Igniter, Rapid Fire Launchers  
  200  16:49  Missile Turret  
  200  16:53  Missile Turret  
  200  17:12  Missile Turret  
  200  17:18  Missile Turret  
  200  17:20  Missile Turret  
  200  17:23  Missile Turret  
  200  17:25  Missile Turret, Command Center  
  200  17:28  Missile Turret  
  200  17:43  Missile Turret  
  200  17:45  Missile Turret  
  200  17:48  Command Center  
  200  17:54  Missile Turret  
  200  18:00  Missile Turret  
  200  18:01  Command Center  
  200  18:05  Command Center  
  200  18:07  Missile Turret  
  200  18:11  Missile Turret  
  200  18:23  Missile Turret x2  
  200  18:28  Missile Turret x2  
  200  18:31  Missile Turret  
  200  18:40  Missile Turret  
Show
View Real Time Build Order
Export as new Build Order

Infamous Zerg 

Build Orders: Hatch First 

Get SALT Encoding   

  12  0:01  Drone  
  13  0:13  Overlord  
  13  0:20  Drone  
  14  0:32  Drone x2  
  16  0:38  Drone  
  17  0:53  Drone  
  18  1:02  Drone  
  18  1:03  Hatchery  
  18  1:08  Drone  
  19  1:20  Spawning Pool  
  19  1:24  Drone  
  19  1:34  Overlord  
  19  1:41  Extractor  
  18  1:49  Drone  
  19  1:59  Drone  
  20  2:07  Queen  
  22  2:21  Drone, Roach Warren  
  22  2:22  Drone  
  23  2:25  Drone  
  23  2:28  Queen  
  26  2:48  Drone  
  26  2:50  Zergling x6  
  30  2:51  Drone  
  31  3:07  Drone x2  
  33  3:16  Drone  
  33  3:17  Drone  
  35  3:23  Queen  
  36  3:47  Overlord  
  36  3:48  Overlord  
  35  4:13  Drone x2  
  37  4:19  Drone x2  
  37  4:59  Drone x2  
  39  5:11  Extractor  
  39  5:13  Drone  
  39  5:14  Drone  
  39  5:15  Zergling x6  
  39  5:16  Zergling x2  
  44  5:36  Drone x2  
  44  5:37  Hatchery  
  44  5:40  Extractor  
  44  5:47  Drone  
  44  5:48  Drone x2  
  47  5:51  Drone x3  
  50  6:07  Spine Crawler  
  49  6:15  Lair  
  49  6:35  Drone x2  
  49  6:36  Drone  
  52  6:45  Baneling Nest  
  51  6:57  Queen  
  51  6:59  Drone  
  51  7:00  Drone x2  
  56  7:03  Drone, Overlord  
  56  7:04  Overlord  
  56  7:07  Zergling x2  
  58  7:48  Drone  
  59  7:54  Spore Crawler  
  59  7:57  Centrifical Hooks  
  59  7:58  Glial Reconstitution  
  58  8:07  Evolution Chamber  
  58  8:08  Evolution Chamber  
  53  8:13  Zergling x4  
  53  8:14  Zergling x14  
  53  8:15  Zergling x16  
  53  8:16  Zergling x8  
  74  8:39  Overlord x3  
  74  8:52  Baneling  
  73  8:57  Queen  
  75  9:02  Baneling  
  75  9:03  Baneling x7  
  75  9:04  Baneling x7  
  75  9:05  Baneling x3  
  75  9:10  Overseer  
  75  9:11  Overseer  
  75  9:14  Overseer  
  75  9:20  Roach x6  
  75  9:21  Roach  
  89  9:30  Extractor  
  88  9:32  Drone  
  88  9:33  Drone  
  90  9:46  Spire  
  89  10:15  Drone  
  89  10:16  Overlord x2  
  89  10:17  Overlord x2  
  89  10:18  Overlord  
  68  10:55  Zergling x8  
  68  10:56  Zergling x14  
  68  10:57  Zergling x16  
  82  10:58  Zergling x14  
  94  11:24  Baneling x7  
  94  11:25  Baneling x6  
  94  11:26  Baneling x6  
  94  11:28  Mutalisk x5  
  94  11:29  Mutalisk  
  106  11:58  Corruptor x3  
  112  12:05  Drone  
  112  12:06  Drone x7, Extractor  
  112  12:07  Drone x7  
  126  12:11  Extractor  
  125  12:16  Zerg Flyer Weapons Level 1  
  92  13:09  Drone  
  92  13:10  Zergling x14  
  92  13:11  Zergling x14  
  92  13:12  Zergling x6  
  93  13:31  Corruptor x3  
  93  13:46  Corruptor x5  
  93  13:47  Corruptor  
  102  13:59  Hatchery  
  101  14:03  Corruptor x3  
  101  14:06  Corruptor  
  109  14:14  Zerg Missile Weapons Level 1  
  109  14:40  Overlord x4  
  106  15:07  Corruptor x2  
  106  15:08  Corruptor x2  
  95  15:41  Mutalisk  
  95  15:42  Mutalisk x4  
  104  15:50  Hatchery  
  104  15:51  Drone  
  104  15:52  Drone  
  104  15:54  Corruptor x2  
  91  16:23  Drone x6  
  91  16:24  Drone x2  
  99  16:40  Queen  
  99  16:42  Drone  
  99  16:43  Drone  
  103  17:01  Overlord x3  
  103  17:02  Overlord  
  103  17:32  Mutalisk x4  
  103  17:33  Mutalisk x5  
  103  17:35  Mutalisk  
  123  17:50  Queen  
  125  17:57  Mutalisk x5  
  135  18:18  Mutalisk  
  135  18:19  Mutalisk x2  
Tags
 
Add a new tag
Caveats
  • Supply blocks, unpowered buildings, or Contaminate may cause inaccurate times.
  • Supply counts are checked every 10 seconds.